 Dungeon Crawl Stone Soup version 0.22-a0-570-g58866f5 (webtiles) character file.

766 iamserjio the Shield-Bearer (level 7, -4/44 HPs)
             Began as a Gargoyle Fighter on June 30, 2018.
             Killed by divine providence
             ... invoked by an orc priest
              (13 damage)
             ... on level 6 of the Dungeon.
             The game lasted 00:08:40 (1197 turns).

iamserjio the Shield-Bearer (Gargoyle Fighter)      Turns: 1197, Time: 00:08:40

Health: -4/44      AC: 14    Str: 20    XL:     7   Next: 82%
Magic:  7/7        EV:  7    Int:  8    God:
Gold:   105        SH: 10    Dex:  9    Spells: 6/6 levels left

rFire    . . .     SeeInvis .   a - +0 war axe
rCold    . . .     Gourm    .   c - +0 shield
rNeg     + . .     Faith    .   k - +2 scale mail {MR+}
rPois    ∞         Spirit   .   (no helmet)
rElec    +         Reflect  .   (no cloak)
rCorr    +         Harm     .   (no gloves)
MR       +....                  (no boots)
Stlth    ..........             (no amulet)
HPRegen  0.14/turn              h - ring of resist corrosion (curse)
MPRegen  0.10/turn              e - -2 ring of dexterity (curse)

@: no status effects
A: negative energy resistance 1, electricity resistance, unbreathing,
petrification resistance, rot immunity, AC +4
a: no special abilities


You were on level 6 of the Dungeon.
You were hungry.

You visited 1 branch of the dungeon, and saw 6 of its levels.

You collected 105 gold pieces.

Inventory:

Hand Weapons
 a - a +0 war axe (weapon)
 o - a +3 blowgun
Missiles
 p - 11 poisoned needles
Armour
 b - a +0 scale mail
 c - a +0 shield (worn)
 k - a +2 scale mail of magic resistance (worn)
Jewellery
 d - an uncursed ring of protection from fire
 e - a cursed -2 ring of dexterity (right hand)
 h - a cursed ring of resist corrosion (left hand)
Scrolls
 i - 2 scrolls of teleportation
 m - 3 scrolls of fog
 q - a scroll of amnesia
 s - a scroll of remove curse {unknown}
Potions
 j - a potion of degeneration {unknown}
 l - 2 potions of curing {unknown}
 n - a potion of lignification {unknown}
Comestibles
 f - 12 rations
 r - a chunk of flesh


   Skills:
 + Level 4.9 Fighting
 * Level 4.7 Axes
 + Level 5.0 Armour
 * Level 6.2 Shields


You had 6 spell levels left.
You didn't know any spells.
Your spell library was empty.

Dungeon Overview and Level Annotations

Branches:
Dungeon (6/15)
 Temple: D:4-7

Altars:
Fedhas
Wu Jian
Yredelemnul


Innate Abilities, Weirdness & Mutations

You are resistant to torment.
Your stone body is resilient. (AC +4)
You are immune to poison.
You resist negative energy. (rN+)
You are resistant to electric shocks. (rElec)
You can survive without breathing.
You are immune to petrification.
You are immune to rotting.


Message History

The orc priest is almost dead.
The crimson imp shouts!
A crimson imp comes into view.
You block the orc priest's attack.
A worker ant zombie comes into view.
You barely miss the orc priest.
The orc priest is almost dead.
The crimson imp shouts!
The orc priest mumbles some strange prayers to Beogh against you.
Beogh smites you!
* * * LOW HITPOINT WARNING * * *
The crimson imp blinks!
The crimson imp hits you.
* * * LOW HITPOINT WARNING * * *
The crimson imp hits you but does no damage.
There is an open door here.
The crimson imp hits you but does no damage.
The orc priest invokes the aid of Beogh against you.
Beogh smites you!
You die...

# #. #. #####'###
...§....# ###
....Z..5##############..
.....>.@'...............
.......5#o###########...
........#Z# ##.#
#########.# #.. #o# ##.


oo. #. ... #. ... #. ##### #. You could see an orc priest, 2 crimson imps and a
worker ant zombie.

Vanquished Creatures
  Grinder (D:4)
  A sky beast (D:5)
  A phantom (D:4)
  A black bear (D:6)
  2 orc priests (D:4)
  3 orc wizards (D:4)
  Natasha (D:3)
  Terence (D:2)
  2 hound skeletons (D:4)
  4 adders
  4 worms
  A dart slug (D:2)
  9 orcs
  4 bats
  6 giant cockroaches
  3 hobgoblins
  6 jackals
  5 kobolds
  2 quokkas
  A ball python (D:4)
  2 frilled lizards (D:3)
  A jackal skeleton (D:4)
  6 rats
67 creatures vanquished.

Notes
Turn   | Place    | Note
-------+----------+-------------------------------------------
     0 | D:1      | iamserjio the Gargoyle Fighter began the quest for the Orb.
     0 | D:1      | Reached XP level 1. HP: 14/14 MP: 1/1
    76 | D:2      | Reached XP level 2. HP: 19/19 MP: 2/2
   139 | D:2      | Noticed Terence
   151 | D:2      | Killed Terence
   151 | D:2      | Reached XP level 3. HP: 18/23 MP: 3/3
   230 | D:2      | Reached skill level 4 in Shields
   292 | D:2      | Reached XP level 4. HP: 26/29 MP: 4/4
   435 | D:2      | Found an ornate altar of the Wu Jian Council.
   524 | D:3      | Noticed Natasha
   539 | D:3      | Killed Natasha
   539 | D:3      | Reached XP level 5. HP: 9/33 MP: 5/5
   618 | D:4      | Noticed a phantom
   696 | D:4      | Killed a phantom
   744 | D:5      | Entered Level 5 of the Dungeon
   775 | D:5      | Reached XP level 6. HP: 16/38 MP: 6/6
   809 | D:6      | Noticed an orc warrior
   840 | D:4      | Found a blossoming altar of Fedhas.
   840 | D:4      | Found a basalt altar of Yredelemnul.
   845 | D:4      | Reached skill level 5 in Shields
   934 | D:4      | Noticed Grinder
  1029 | D:4      | Killed Grinder
  1029 | D:4      | Reached XP level 7. HP: 42/44 MP: 7/7
  1091 | D:5      | Reached skill level 6 in Shields
  1153 | D:6      | Reached skill level 5 in Armour
  1197 | D:6      | Killed from afar by an orc priest

Vault maps used:
D:1:      giann_bridges, serial_forest, infiniplex_forest_lined_3,
          infiniplex_forest_corner_1, infiniplex_forest_lined_corner,
          infiniplex_forest_lined_room_2, infiniplex_forest_end_2,
          infiniplex_forest_lined_room_2, infiniplex_forest_clump_medium,
          infiniplex_forest_clump_long, grunt_decor_one_mirror
D:2:      kiku_gazebo_pond_becter, nicolae_overflow_hidden_temple,
          marbit_many_paths, first_ration, uniq_terence
D:3:      uniq_natasha
D:4:      grunt_temple_overflow_open, uniq_grinder
D:5:      bh_chokoban, uniq_pikel, uniq_duvessa, uniq_ijyb
D:6:      minmay_temple_entry_statues_pillars, lightli_sewer_entry_pipes,
          minmay_misc_feat_ornament, uniq_crazy_yiuf_cottage

Skill      XL: |  1  2  3  4  5  6  7 |
---------------+----------------------+-----
Axes           | 2 3 4 |  4.7
Shields        | 4 5 6 |  6.2
Fighting       | 4 |  4.9
Armour         | 4 5 |  5.0

Action                   |  1- 3 |  4- 6 |  7- 9 || total
-------------------------+-------+-------+-------++-------
Melee: War axe           |    72 |   181 |    46 ||   299
  Use: Potion            |       |     2 |     1 ||     3
       Scroll            |       |     7 |       ||     7
  Eat: Chunk             |       |       |     1 ||     1
Armor: Scale mail        |    56 |   103 |    37 ||   196
Dodge: Dodged            |    51 |    67 |    13 ||   131
Block: Shield            |    65 |    94 |    27 ||   186

Table legend:
 A = Spawn XP
 B = Non-spawn XP
 C = Spawn XP percentage of total XP
 D = Spawn monster count
 E = Non-spawn monster count
 F = Spawn count percentage of total count
 G = Total turns spent on level
                    A         B        C        D         E        F      G
               +---------+---------+-------+---------+---------+-------+---------
         Total |       0 |    1095 |   0.0 |       0 |      67 |   0.0 |  1197
               +---------+---------+-------+---------+---------+-------+---------
           D:1 |       0 |       5 |   0.0 |       0 |       3 |   0.0 |    63
           D:2 |       0 |      84 |   0.0 |       0 |      17 |   0.0 |   290
           D:3 |       0 |      99 |   0.0 |       0 |      22 |   0.0 |   301
           D:4 |       0 |     641 |   0.0 |       0 |      18 |   0.0 |   311
           D:5 |       0 |     145 |   0.0 |       0 |       6 |   0.0 |   163
           D:6 |       0 |     121 |   0.0 |       0 |       1 |   0.0 |    69
               +---------+---------+-------+---------+---------+-------+---------
